 Dungeon Crawl Stone Soup version 0.30-a0-219-gf2db51d15e (webtiles) character file.

Game seed: 12210350032615541521

112 vineage the Trooper (level 4, -2/30 HPs)
             Began as a Gargoyle Fighter on Oct 7, 2022.
             Slain by an ogre
             ... wielding a +0 giant club
              (16 damage)
             ... on level 4 of the Dungeon.
             The game lasted 00:03:07 (2479 turns).

vineage the Trooper (Gargoyle Fighter)              Turns: 2479, Time: 00:03:07

Health: -2/30      AC: 14    Str: 22    XL:     4   Next: 93%
Magic:  4/4        EV:  7    Int:  8    God:
Gold:   176        SH:  6    Dex: 15    Spells: 3/3 levels left

rFire   . . .      SeeInvis .    a - +1 flail
rCold   . . .      Faith    .    c - +1 buckler
rNeg    + + .      Spirit   .    o - +0 chain mail
rPois   ∞          Reflect  .    (no helmet)
rElec   +          Harm     .    (no cloak)
rCorr   .          Rampage  .    i - +0 pair of gloves
Will    .....                    (no boots)
Stlth   ..........               (no amulet)
HPRegen 0.25/turn                j - +6 ring of dexterity
MPRegen 0.09/turn                m - ring of positive energy

@: mighty
A: sickness immunity, AC +3, negative energy resistance 1, electricity
resistance, torment resistance 1, petrification resistance
a: no special abilities


You were on level 4 of the Dungeon.
You visited 1 branch of the dungeon, and saw 4 of its levels.

You collected 176 gold pieces.

Inventory:

Hand Weapons
 a - a +1 flail (weapon)
Armour
 c - a +1 buckler (worn)
 i - a +0 pair of gloves (worn)
 o - a +0 chain mail (worn)
Jewellery
 h - a ring of fire
 j - a +6 ring of dexterity (left hand)
 l - a ring of resist corrosion
 m - a ring of positive energy (right hand)
Scrolls
 b - 3 scrolls of identify
 e - a scroll of enchant armour
 p - a scroll of fear {unknown}
Potions
 f - 3 potions of curing
 g - a potion of lignification {unknown}
 k - a potion of magic {unknown}
 n - a potion of ambrosia {unknown}


   Skills:
 * Level 4.3 Fighting
 * Level 3.3 Maces & Flails
 + Level 3.8 Armour
 + Level 3.9 Shields


You had 3 spell levels left.
You didn't know any spells.
Your spell library contained the following spells:

 Spells                   Type           Power      Damage    Failure   Level
 Necrotise                Necr           0%         1d4       99%         1
 Vampiric Draining        Necr           0%         2d6       100%        3
 Agony                    Necr           0%         N/A       100%        5


Dungeon Overview and Level Annotations

Branches:
Dungeon (4/15)
 Temple: D:4-7

Altars:

Shops:
D:1 [


Innate Abilities, Weirdness & Mutations

You are immune to sickness and miasma.
Your stone body is resilient. (AC +3)
You are immune to poison.
You resist negative energy. (rN+)
You are resistant to electric shocks. (rElec)
You are resistant to unholy torment.
You are immune to petrification.


Message History

HP restored.
Things that are here:
a +0 dagger; a goblin corpse
l - a ring of resist corrosion
p - a scroll labelled JORPHA ODAE You open the door.
An ogre and a dart slug come into view.
The ogre shouts!
An orc opens the door.
There are monsters nearby!
The orc shouts!
There is an open door here.
You open the door. The ogre hits you but does no damage.
Found a scroll labelled WES URYINNU.
There is an open door here.
The orc attacks as you move away! The orc barely misses you.
The ogre attacks as you move away! The ogre hits you with a +0 giant club.
You feel very mighty all of a sudden. The orc hits you but does no damage.
You barely miss the orc. The orc hits you but does no damage.
You thump the orc!
You kill the orc!
The ogre hits you with a +0 giant club!
Ouch! That really hurt!
You are too injured to fight recklessly!
You are too injured to fight recklessly!
You closely miss the ogre. The ogre barely misses you.
You hit the ogre.
The ogre is lightly wounded.
You barely miss the ogre.
The ogre is lightly wounded.
The ogre barely misses you.
You thump the ogre!
The ogre is heavily wounded.
The ogre barely misses you.
You hit the ogre.
The ogre is severely wounded.
The ogre hits you with a +0 giant club!
Ouch! That really hurt!
You die...

...........
###+############.......#
......##......##.......#
...............#.......#
...............#.......#
...............#.......#
..##..###.....##.......#
..##..###.....##.......#
.).....#.......#@....?.#
.......#.......O.......#
.......#.......#.......#
.......'.......#.......#
####..###'######.......#
#..# #.....##.......#
.... ...............#
...#...............#
#...............


You could see an ogre.

Vanquished Creatures
  3 adders
  3 worms (D:2)
  2 dart slugs (D:3)
  2 orcs
  7 ball pythons
  5 bats
  4 endoplasms
  A giant cockroach (D:3)
  3 goblins
  8 hobgoblins
  11 jackals
  3 quokkas
  2 frilled lizards
  3 kobolds
  5 rats
62 creatures vanquished.

Vanquished Creatures (others)
  5 plants (D:1)
5 creatures vanquished.

Grand Total: 67 creatures vanquished

Notes
Turn   | Place    | Note
-------+----------+-------------------------------------------
     0 | D:1      | vineage the Gargoyle Fighter began the quest for the Orb.
     0 | D:1      | Reached XP level 1. HP: 14/14 MP: 1/1
    38 | D:1      | Found a faded altar of an unknown god.
   164 | D:1      | Reached XP level 2. HP: 19/19 MP: 2/2
   527 | D:1      | Found Qays's Armour Boutique.
   646 | D:1      | Reached XP level 3. HP: 24/24 MP: 3/3
  1224 | D:2      | Reached skill level 4 in Fighting
  1386 | D:2      | Reached XP level 4. HP: 28/29 MP: 4/4
  2127 | D:3      | Identified the +3 sling of Ruination {speed, rElec Will++
                  | Str+3}
  2462 | D:4      | Noticed an ogre
  2479 | D:4      | Slain by an ogre

Illustrated notes

Levels and vault maps discovered:
D:1:      scummos_arrival_simple_crosswalls, layout_loops_ring, serial_forest,
          infiniplex_forest_lined_3, infiniplex_forest_clump_curved,
          infiniplex_forest_clump_curved, infiniplex_forest_lined_2,
          infiniplex_forest_lined_room_2, infiniplex_forest_lined_corner,
          infiniplex_forest_corner_1, infiniplex_forest_clump_large,
          infiniplex_forest_clump_long, infiniplex_forest_lined_room_3,
          ebering_ecumenical_altar_sacrificial, serial_shops, nicolae_shop_stone
D:2:      layout_loops_corners
D:3:      layout_loops_cross
D:4:      layout_gridville

Skill      XL: |  1  2  3  4 |
---------------+-------------+-----
Fighting       | 4 |  4.3
Maces & Flails | 3 |  3.3
Armour         | |  3.8
Shields        | |  3.9

Action                   |  1- 3 |  4- 6 || total
-------------------------+-------+-------++-------
Melee: Flail             |   130 |    95 ||   225
  Use: Scroll            |     2 |     4 ||     6
       Potion            |       |     1 ||     1
Armor: Scale mail        |    79 |    61 ||   140
       Chain mail        |       |     9 ||     9
Dodge: Dodged            |    71 |    59 ||   130
Block: Buckler           |    33 |    30 ||    63

Table legend: (Time is in decaauts)
 A = Elapsed time spent in this place.
 B = Non-inter-level travel time spent in this place.
 C = Inter-level travel time spent in this place.
 D = Time resting spent in this place.
 E = Time spent auto-exploring this place.
 F = Levels seen in this place.
 G = Mean time per level.
                   A        B        C        D        E       F      G
               +--------+--------+--------+--------+--------+-----+--------+
         Total |   2546 |   2479 |     67 |      0 |   1929 |   4 |  636.5 |
       Dungeon |   2546 |   2479 |     67 |      0 |   1929 |   4 |  636.5 |
               +--------+--------+--------+--------+--------+-----+--------+

Top non-repeatable levels by time:
     D:2: 926 daAuts
     D:1: 916 daAuts
     D:3: 639 daAuts
     D:4: 63 daAuts
